Unix NetHack Version 5.0.0-0 post-release - last build Jul 19 2026 19:10:59 (3aa4ab31751d3886436d94b585a96704892fd477,branch:main).

Game began 2026-07-21 23:22:22, ended 2026-07-22 21:09:57.

IanCurtis, chaotic male elven Wizard

                                                    ---
                                                   ...|
                        ----------------------------..|
                        |...........".........[....|..|
                        |.............<..........[...[|
                      ---...............)..........|..|
                      |.(..........................|..|
                      ------------------------------..|
                                                   ...|
                                                   -..|
                           -------------------     |..|
                           ..................|     |..|
                           ---------------.|.-------..
                                         -.|..........
                                         ..|-------------..
                                         -.|......@........
                                         |.........:..%.%..
                                         ---------------
IanCurtis the Thaumaturge  St:8 Dx:13 Co:15 In:18 Wi:14 Ch:12  Chaotic
Dlvl:11 $:0  HP:0(57) Pw:4(85) AC:7  Xp:8 T:7010  Burdened

Latest messages:
 This wall is too hard to dig into.
 What do you want to wield? [- adg or ?*] a
 a - a blessed +1 quarterstaff (weapon in hands).
 Wizard needs food, badly!
 What do you want to eat? [fDMQ or ?*] ?
 This food really hits the spot!
 You finish eating the food ration.
 What do you want to zap? [cEFJO or ?*] <space>
 Never mind.
 In what direction? l
 The magic missile hits the wolf!
 The magic missile hits the wolf!
 The wolf bites!
 In what direction? l
 You kill the wolf!
 You kill the wolf!
 You miss the wolf.
 The wolf bites!
 You hit the wolf.
 The wolf bites!
 In what direction? l
 You kill the wolf!
 You see here a wolf corpse.
 The crocodile bites!
 The crocodile hits!
 The crocodile bites!
 The crocodile hits!
 The crocodile bites!
 The crocodile hits!
 In what direction? .
 You feel better.
 In what direction? .
 You feel better.
 What do you want to use or apply? [b-dknoqtyAEFJ-LO or ?*] ?
 Your lantern is now on.
 In what direction? l
 The spell hits the crocodile.
 The spell hits it!
 In what direction? l
 The spell misses the crocodile.
 You miss the crocodile.
 The crocodile bites!
 The crocodile hits!
 You hit the crocodile!
 The crocodile bites!
 The crocodile hits!
 The crocodile bites!
 The crocodile hits!
 You die...
 Do you want your possessions identified? [ynq] (y) q

Inventory:
 Weapons  (')')
  g - a +0 elven dagger
  a - a blessed +1 quarterstaff (weapon in hands)
 Armor    ('[')
  C - an uncursed +0 dwarvish iron helm (being worn)
  r - an uncursed rotted +0 pair of leather gloves (being worn)
  P - an uncursed +0 pair of jumping boots
  u - an uncursed +0 cloak of magic resistance (being worn)
 Comestibles  ('%')
  M - an uncursed clove of garlic
  D - an uncursed food ration
  f - 2 uncursed tripe rations
  Q - an uncursed tin of french fried giant rat meat
 Scrolls  ('?')
  j - an uncursed scroll of blank paper
  l - a blessed scroll of enchant weapon
  H - an uncursed scroll of enchant weapon
  p - an uncursed scroll of gold detection
  w - an uncursed scroll of identify
  N - an uncursed scroll of light
  i - 2 uncursed scrolls of remove curse
  s - 3 uncursed scrolls of teleportation
 Spellbooks  ('+')
  y - an uncursed spellbook of blank paper
 Potions  ('!')
  h - an uncursed potion of confusion
 Rings    ('=')
  G - an uncursed +2 ring of increase damage
  B - an uncursed ring of invisibility
  e - an uncursed ring of protection from shape changers
  x - an uncursed ring of sustain ability
 Wands    ('/')
  E - a wand of cancellation (0:7)
  c - a wand of sleep (0:3)
  O - a wand of speed monster (0:2)
  J - a wand of striking (0:1)
  F - a wand of undead turning (0:4)
 Tools    ('(')
  b - an uncursed sack containing 7 items
  o - an uncursed bugle
  t - an uncursed blindfold
  q - an uncursed brass lantern (lit)
  n - a magic marker (0:19)
  d - a +0 pick-axe
  k - an uncursed skeleton key
  A - 2 uncursed tallow candles
  L - an uncursed towel
  K - 2 uncursed wax candles

Contents of the sack:
  219 gold pieces
  an uncursed giant ant egg
  2 uncursed potions of blindness
  an uncursed potion of monster detection
  an uncursed potion of gain ability
  an uncursed potion of healing
  2 potions of holy water

IanCurtis the Wizard's attributes:

Background:
 You were a Thaumaturge, a level 8 male elven Wizard.
 You were chaotic, on a mission for Anhur
 who was opposed by Ptah (lawful) and Thoth (neutral).
 You were right-handed.
 You were in the Gnomish Mines, on level 11.
 You entered the dungeon 7010 turns ago.
 You had 2542 experience points, 18 more were needed to attain level 9.

Basics:
 You had 0 out of 57 hit points.
 You had 4 out of 85 energy points (spell power).
 Your armor class was 7.
 Your wallet was empty, but
 you had 219 zorkmids stashed away in your pack.
 Autopickup was off.

Final Characteristics:
 Your strength was 8 (peak:14, limit:18).
 Your dexterity was 13 (limit:18).
 Your constitution was 15 (limit:16).
 Your intelligence was 18 (limit:20).
 Your wisdom was 14 (limit:20).
 Your charisma was 12 (limit:18).

Final Status:
 You weren't hungry.
 You were burdened; movement was slightly slowed.
 You were wielding a quarterstaff.
 You had expert skill with quarterstaff.

Final Attributes:
 You were piously aligned.
 You were magic-protected.
 You were cold resistant.
 You were sleep resistant.
 You saw invisible.
 You had infravision.
 You were invisible to others.
 You were warded.
 You are dead.

Miscellaneous:
 You didn't encounter any bones levels.
 Total elapsed playing time was 1 hour, 9 minutes and 27 seconds.

Major events:
 Turn
    1: IanCurtis the chaotic male elven Wizard entered the dungeon
  786: attained the rank of Conjurer (level 3)
 1221: entered the Gnomish Mines
 2239: attained the rank of Thaumaturge (level 6)
 2391: reached Mine Town
 7010: killed by a crocodile

Spells:
 Name                 Level Category     Fail Retention
 force bolt             1   attack         0%   61%-65%
 magic missile          2   attack         0%   61%-65%
 healing                1   healing        0%   51%-75%

Skills:
 Fighting Skills
   bare handed combat [Unskilled]
   riding             [Unskilled]
 Weapon Skills
   dagger             [Unskilled]
   knife              [Unskilled]
   axe                [Unskilled]
   short sword        [Unskilled]
   club               [Unskilled]
   mace               [Unskilled]
   quarterstaff       [Expert]
   polearms           [Unskilled]
   spear              [Unskilled]
   trident            [Unskilled]
   sling              [Unskilled]
   dart               [Unskilled]
   shuriken           [Unskilled]
 Spellcasting Skills
   attack spells      [Skilled]
   healing spells     [Unskilled]
   divination spells  [Unskilled]
   enchantment spells [Basic]
   clerical spells    [Unskilled]
   escape spells      [Unskilled]
   matter spells      [Unskilled]

Voluntary challenges:
 Character rerolling was not enabled.
 You never genocided any monsters.
 You never polymorphed an object.
 You never changed form.
 You used no wishes.
Achievements:
 You attained the rank of Conjurer.
 You entered a shop.
 You entered the Gnomish Mines.
 You attained the rank of Thaumaturge.
 You entered Minetown.
 You entered a temple.

 The Dungeons of Doom: levels 1 to 4
    Level 1:
       A fountain, a grave.
    Level 2:
       A sink.
    Level 3: "vault"
       An armor shop, a fountain.
       Stairs down to The Gnomish Mines.
    Level 4:
 The Gnomish Mines: levels 4 to 11
    Level 4:
    Level 5:
    Level 6:
       Many shops, a temple and an altar to Anhur, some fountains.
    Level 7:
    Level 8:
    Level 9:
    Level 10:
    Level 11: <- You were here.
       Final resting place for
          you, killed by a crocodile.


Vanquished creatures:
  a stalker
  a small mimic
 an ettin mummy
  a tengu
  2 stone giants
  a human mummy
  a watchman
  a giant beetle
  a quivering blob
  3 wolves
  a winter wolf cub
  a leprechaun
 an orc-captain
  2 giant spiders
  a horse
 an ice vortex
  2 gnome rulers
 an orc mummy
  a dwarf mummy
  a brown pudding
  a yeti
  a lizard
  2 jaguars
  2 apes
  4 soldier ants
  2 rock piercers
  a yellow light
 11 gnome leaders
  3 gnomish wizards
  a kobold mummy
  a barrow wight
  a straw golem
  a giant ant
  a little dog
  a floating eye
 19 dwarves
  2 homunculi
  a kobold leader
  3 rothes
  a rabid rat
  a centipede
  5 orc zombies
  a coyote
  3 hobbits
  a large kobold
  2 hobgoblins
  4 giant rats
  2 cave spiders
 57 gnomes
 17 garter snakes
  2 geckos
  9 jackals
  4 foxes
  3 kobolds
  5 goblins
  2 grid bugs
  4 bats
  5 lichens
  9 newts
220 creatures vanquished.

No species were genocided or became extinct.

Game over:
                       ----------
                      /          \
                     /    REST    \
                    /      IN      \
                   /     PEACE      \
                  /                  \
                  |    IanCurtis     |
                  |      219 Au      |
                  |   killed by a    |
                  |    crocodile     |
                  |                  |
                  |                  |
                  |       2026       |
                 *|     *  *  *      | *
        _________)/\\_//(\/(/\)/\//\/|_)_______

Goodbye IanCurtis the Wizard...

You died in The Gnomish Mines on dungeon level 11 with 10876 points,
and 219 pieces of gold, after 7010 moves.
You were level 8 with a maximum of 57 hit points when you died.

